 Dungeon Crawl Stone Soup version 0.31-a0-175-g9f7f995f2b (webtiles) character file.

Game seed: 10861473671924684085

221 qw the Shooter (level 5, 0/50 HPs)
             Began as a Naga Hunter on June 17, 2023.
             Slain by a black bear (2 damage)
             ... on level 3 of the Dungeon.
             The game lasted 00:00:51 (2404 turns).

qw the Shooter (Naga Hunter)                        Turns: 2404, Time: 00:00:52

Health: 0/50       AC:  3    Str: 14    XL:     5   Next: 98%
Magic:  5/5        EV:  9    Int:  9    God:
Gold:   127        SH:  0    Dex: 16    Spells: 4/4 levels left

rFire   . . .        h - +0 orcbow
rCold   . . .        (shield currently unavailable)
rNeg    . . .        c - +0 leather armour
rPois   +            (no helmet)
rElec   .            (no cloak)
rCorr   .            (no gloves)
SInv    +            (no barding)
Will    .....        g - amulet of faith
Stlth   ++           (no ring)
HPRegen 0.28/turn    (no ring)
MPRegen 0.09/turn

%: faith
@: short of breath, very slow
A: AC +1, large, see invisible, deformed body, poison resistance, slowness 2,
spit poison 1, naga tail 1
a: Spit Poison


You were on level 3 of the Dungeon.
You visited 1 branch of the dungeon, and saw 4 of its levels.

You collected 169 gold pieces.
You spent 42 gold pieces at shops.


Innate Abilities, Weirdness & Mutations

Your serpentine skin is tough. (AC +1)
You have supernaturally acute eyesight. (SInv)
Armour fits poorly on your strangely shaped body.
Your system is resistant to poisons. (rPois)
You cover ground very slowly.
You can spit poison.
You have a snake-like lower body.


   Skills:
 - Level 4.2 Fighting
 + Level 5.3 Ranged Weapons
 - Level 1.5 Dodging
 - Level 1.5 Stealth


You had 4 spell levels left.
You didn't know any spells.
Your spell library was empty.

Inventory:

Hand Weapons
 h - a +0 orcbow (weapon)
Armour
 c - a +0 leather armour (worn)
Jewellery
 g - an amulet of faith (around neck)
Scrolls
 a - a scroll of identify
Potions
 b - a potion of mutation {unknown}
 d - a potion of degeneration {unknown}
 e - a potion of heal wounds {unknown}
 f - a potion of magic {unknown}

Dungeon Overview and Level Annotations

Branches:
Dungeon (4/15)
 Temple: D:4-7

Altars:
The Shining One

Shops:
D:2 :   D:3 *:(:


Message History

Enter note:
Enter note:
Enter note:
Enter note:
Enter note:
Enter note:
Enter note:
Enter note: You shoot an arrow.
The arrow hits the black bear but does no damage.
The black bear is lightly wounded.
The hound closely misses you. The adder bites you. The hound barely misses you.
The black bear bites you. The black bear closely misses you.
The black bear claws you but does no damage.
You shoot an arrow. The arrow barely misses the black bear.
You have got your breath back.
The hound closely misses you. The adder bites you. The black bear bites you.
The black bear claws you but does no damage. x2
The hound closely misses you. The adder bites you but does no damage.
2402 ||| INVOKING Spit Poison.
Aiming: Spit Poison (1% risk of failure)
Press: ? - help, Shift-Dir - straight line, f/p - black bear The splash of poison hits the black bear.
The black bear looks even sicker.
The black bear is moderately wounded.
The hound bites you. The adder barely misses you.
The black bear completely misses you.
The black bear claws you but does no damage.
The black bear barely misses you. The hound bites you but does no damage.
You shoot an arrow. The arrow barely misses the black bear.
The adder closely misses you. The black bear bites you.
The black bear claws you. The black bear barely misses you.
The hound barely misses you. The adder bites you. The black bear bites you!
The black bear claws you but does no damage. x2
The hound bites you.
You shoot an arrow.
The arrow closely misses the black bear.
The adder bites you but does no damage. The hound misses you.
The black bear bites you.
You die...

############
##..........##
##.....h......##
#....S@........#
#.....h........#
#...<..........#
#..............###
#................##
##............##..###
##..........####...###
######.##### ##....#
#.# #.##..


You could see a black bear (poisoned), a hound and an adder.

Vanquished Creatures
  An ice beast (D:3)
  Ijyb (D:3)
  4 adders (D:2)
  A white imp (D:3)
  A worm (D:3)
  3 orcs (D:3)
  3 bats
  4 endoplasms (D:1)
  2 giant cockroaches
  4 goblins
  4 hobgoblins
  4 jackals (D:1)
  2 quokkas
  4 ball pythons
  2 frilled lizards (D:1)
  A goblin skeleton (D:3)
  3 hobgoblin zombies (D:3)
  4 kobolds
  A kobold skeleton (D:3)
  A kobold zombie (D:3)
  An orc zombie (D:3)
  8 rats
59 creatures vanquished.

Notes
Turn   | Place    | Note
-------+----------+-------------------------------------------
     0 | D:1      | qw the Naga Hunter began the quest for the Orb.
     0 | D:1      | Reached XP level 1. HP: 19/19 MP: 1/1
     0 | D:1      | 0 ||| qw: Version: 0.3-a-2-g5ab2908
     0 | D:1      | 0 ||| qw: Game counter: 203
     0 | D:1      | 0 ||| qw: Always use a shield: true
     0 | D:1      | 0 ||| qw: God list: Okawaru
     0 | D:1      | 0 ||| qw: Allow faded altars: false
     0 | D:1      | 0 ||| qw: Do Orc after D:15 true
     0 | D:1      | 0 ||| qw: Do second Lair branch before Depths: true
     0 | D:1      | 0 ||| qw: Lair rune preference: random
     0 | D:1      | 0 ||| qw: Plans: Normal
     0 | D:1      | 0 ||| PLANNING D:1-11
    50 | D:1      | 50 ||| INVOKING Spit Poison.
    55 | D:1      | 55 ||| INVOKING Spit Poison.
    97 | D:1      | Reached skill level 4 in Ranged Weapons
    97 | D:1      | Reached XP level 2. HP: 26/26 MP: 2/2
   109 | D:1      | 109 ||| INVOKING Spit Poison.
   114 | D:1      | 114 ||| INVOKING Spit Poison.
   117 | D:1      | 117 ||| INVOKING Spit Poison.
   149 | D:1      | 149 ||| INVOKING Spit Poison.
   160 | D:1      | 160 ||| INVOKING Spit Poison.
   257 | D:1      | Reached XP level 3. HP: 32/32 MP: 3/3
   425 | D:1      | 425 ||| READING scroll labelled LITHRY JUOKOZAI.
   426 | D:1      | 426 ||| DROPPING scroll of butterflies.
   437 | D:2      | 437 ||| INVOKING Spit Poison.
   443 | D:2      | 443 ||| INVOKING Spit Poison.
   470 | D:2      | 470 ||| INVOKING Spit Poison.
   511 | D:2      | 511 ||| INVOKING Spit Poison.
   578 | D:2      | 578 ||| INVOKING Spit Poison.
   583 | D:2      | 583 ||| INVOKING Spit Poison.
   592 | D:2      | 592 ||| INVOKING Spit Poison.
   643 | D:2      | 643 ||| INVOKING Spit Poison.
   645 | D:2      | Reached skill level 5 in Ranged Weapons
   645 | D:2      | Reached XP level 4. HP: 39/39 MP: 4/4
   658 | D:2      | 658 ||| INVOKING Spit Poison.
   690 | D:2      | 690 ||| INVOKING Spit Poison.
   914 | D:2      | 914 ||| INVOKING Spit Poison.
   997 | D:2      | Found Lulyrusk's Book Shop.
  1038 | D:2      | 1038 ||| INVOKING Spit Poison.
  1263 | D:2      | 1263 ||| INVOKING Spit Poison.
  1297 | D:2      | 1297 ||| READING scroll labelled JOP UZYIXZUFACS.
  1369 | D:3      | Found Hoiruomi's Book Boutique.
  1372 | D:3      | 1372 ||| INVOKING Spit Poison.
  1382 | D:3      | Found Jomun's Weapon Shoppe.
  1382 | D:3      | Noticed a +0 triple sword
  1382 | D:3      | Noticed a +0 giant club
  1384 | D:3      | 1384 ||| INVOKING Spit Poison.
  1399 | D:3      | Found Hutig's Book Shop.
  1427 | D:3      | Found a glowing golden altar of the Shining One.
  1452 | D:3      | 1452 ||| INVOKING Spit Poison.
  1453 | D:3      | 1453 ||| INVOKING Spit Poison.
  1463 | D:3      | 1463 ||| INVOKING Spit Poison.
  1473 | D:3      | 1473 ||| INVOKING Spit Poison.
  1478 | D:3      | 1478 ||| INVOKING Spit Poison.
  1559 | D:3      | 1559 ||| INVOKING Spit Poison.
  1574 | D:3      | 1574 ||| INVOKING Spit Poison.
  1588 | D:3      | Noticed an ice beast
  1601 | D:3      | HP: 9/40 [ice beast (12)]
  1603 | D:3      | Killed an ice beast
  1604 | D:3      | Reached XP level 5. HP: 12/50 MP: 5/5
  1747 | D:3      | Noticed Ijyb
  1748 | D:3      | 1748 ||| INVOKING Spit Poison.
  1756 | D:3      | 1756 ||| INVOKING Spit Poison.
  1782 | D:3      | 1782 ||| INVOKING Spit Poison.
  1792 | D:3      | HP: 11/50 [Ijyb/+0 dagger (2)]
  1799 | D:3      | HP: 6/50 [Ijyb/+0 dagger (5)]
  1800 | D:3      | 1800 ||| INVOKING Spit Poison.
  1802 | D:3      | Killed Ijyb
  1980 | D:3      | 1980 ||| INVOKING Spit Poison.
  2016 | D:3      | 2016 ||| INVOKING Spit Poison.
  2024 | D:3      | Found Meabay's General Store.
  2029 | D:3      | 2029 ||| BUYING +0 orcbow (42 gold).
  2029 | D:3      | Bought a +0 orcbow for 42 gold pieces
  2029 | D:3      | 2029 ||| SWAPPING to +0 orcbow.
  2030 | D:3      | 2030 ||| DROPPING +0 shortbow.
  2124 | D:3      | 2124 ||| INVOKING Spit Poison.
  2129 | D:3      | 2129 ||| INVOKING Spit Poison.
  2144 | D:3      | 2144 ||| INVOKING Spit Poison.
  2149 | D:3      | 2149 ||| INVOKING Spit Poison.
  2155 | D:3      | 2155 ||| INVOKING Spit Poison.
  2361 | D:3      | 2361 ||| UPGRADING to amulet of faith.
  2395 | D:4      | Noticed a black bear
  2396 | D:4      | 2396 ||| INVOKING Spit Poison.
  2398 | D:4      | 2398 ||| STAIRDANCE
  2402 | D:3      | 2402 ||| INVOKING Spit Poison.
  2403 | D:3      | HP: 12/50 [adder (1)]
  2403 | D:3      | HP: 4/50 [black bear (8)]
  2403 | D:3      | HP: 1/50 [hound (3)]
  2404 | D:3      | Slain by a black bear

Levels and vault maps discovered:
D:1:      enne_arrival_octagon_isle, layout_basic
D:2:      layout_basic, serial_shops, nicolae_square_shop
D:3:      minmay_skewed_foursquare, layout_rooms, nicolae_tso_besieged_by_evil,
          serial_shops, nicolae_shop_window_shopping, shop, shop,
          nicolae_shop_mannequins, uniq_ijyb
D:4:      layout_basic

Skill      XL: |  1  2  3  4 |
---------------+-------------+-----
Ranged Weapons | 4 5 |  5.3
Fighting       | 4 |  4.2
Dodging        | |  1.5
Stealth        | |  1.5

Action                     |  1- 3 |  4- 6 || total
---------------------------+-------+-------++-------
   Fire: Shortbow          |    46 |    51 ||    97
         Orcbow            |       |    23 ||    23
Ability: Spit Poison       |    15 |    26 ||    41
    Use: Scroll            |     1 |     1 ||     2
 Armour: Leather armour    |     2 |    18 ||    20
  Dodge: Dodged            |     8 |    41 ||    49

Table legend:
 A = Non-vault XP
 B = Vault XP
 C = Vault XP percentage of total XP
 D = Non-vault monster count
 E = Vault monster count
 F = Vault count percentage of total count
                 A         B        C        D         E       F
            +---------+---------+-------+---------+---------+-------
      Total |     254 |      63 |  19.9 |      45 |      14 |  23.7
            +---------+---------+-------+---------+---------+-------
        D:1 |      35 |       0 |   0.0 |      20 |       0 |   0.0
        D:2 |      69 |       0 |   0.0 |      14 |       0 |   0.0
        D:3 |     150 |      63 |  29.6 |      11 |      14 |  56.0
            +---------+---------+-------+---------+---------+-------
